 Dungeon Crawl Stone Soup version 0.31-a0-1237-gabc64e778c (webtiles) character file.

Game seed: 4849030773203840377

1451 LeprechaunX the Changeling (level 8, 0/54 HPs)
             Began as an Octopode Shapeshifter on Dec 15, 2023.
             Slain by a centaur (3 damage)
             ... on level 6 of the Dungeon.
             The game lasted 00:05:03 (3399 turns).

LeprechaunX the Changeling (Octopode Shapeshifter)  Turns: 3399, Time: 00:05:04

Health: 0/54       AC:  1    Str: 19    XL:     8   Next: 75%
Magic:  8/8        EV: 13    Int: 12    God:
Gold:   352        SH:  5    Dex: 14    Spells: 7/7 levels left

rFire   . . .        a - +7 mace of Variability {chaos, chaos arc}
rCold   + . .        (shield currently unavailable)
rNeg    . . .        (helmet currently unavailable)
rPois   .            d - amulet of reflection
rElec   .            s - ring of the Open Hand {rC+ Str+6}
rCorr   .            (no ring)
SInv    .            (no ring)
Will    .....        (no ring)
Stlth   ++           (no ring)
HPRegen 0.29/turn    (no ring)
MPRegen 0.11/turn    (no ring)
                     (no ring)

%: reflection
@: beast-form, attractive
A: beast (slay +3), almost no armour, amphibious, 8 rings, camouflage 1,
gelatinous body 1, (nimble swimmer 1), tentacles
a: Begin Untransformation


You were on level 6 of the Dungeon.
You were a hulking beast.
You visited 1 branch of the dungeon, and saw 6 of its levels.

You collected 352 gold pieces.

Inventory:

Hand Weapons
 a - the +7 mace of Variability (weapon) {chaos, chaos arc}
   (You found it on level 2 of the Dungeon)
Missiles
 g - 5 boomerangs (quivered)
Jewellery
 d - an amulet of reflection (around mantle)
 s - the ring of the Open Hand (left tentacle) {rC+ Str+6}
   (You took it off an orc on level 3 of the Dungeon)

   [ring of strength]

   Str+6:     It affects your strength (+6).
   rC+:       It protects you from cold.
Talismans
 b - a beast talisman
 c - a flux talisman
Wands
 w - a wand of mindburst (15)
 x - a wand of roots (12)
Scrolls
 i - a scroll of torment {unknown}
 k - a scroll of poison {unknown}
 m - a scroll of vulnerability {unknown}
 p - a scroll of amnesia {unknown}
 r - 6 scrolls of identify {unknown}
 t - a scroll of immolation {unknown}
 v - a scroll of teleportation {unknown}
 y - a scroll of enchant armour {unknown}
 z - a scroll of blinking {unknown}
 A - a scroll of silence {unknown}
Potions
 e - a potion of magic {unknown}
 f - 2 potions of degeneration {unknown}
 h - a potion of invisibility {unknown}
 j - a potion of mutation {unknown}
 l - 2 potions of attraction
 n - a potion of enlightenment {unknown}
 o - a potion of heal wounds {unknown}
 q - a potion of cancellation {unknown}
 u - a potion of berserk rage {unknown}


   Skills:
 + Level 4.4 Fighting
 + Level 3.2 Maces & Flails
 - Level 3.0 Throwing
 - Level 2.0 Dodging
 + Level 5.3 Unarmed Combat
 + Level 2.5 Evocations
 * Level 6.6 Shapeshifting


You had 7 spell levels left.
You didn't know any spells.
Your spell library was empty.

Dungeon Overview and Level Annotations

Branches:
Dungeon (6/15)             Temple (0/1) D:6

Altars:
Wu Jian


Innate Abilities, Weirdness & Mutations

You are a hulking beast.
Your limbs bulge with bestial killing power. (Slay +3)
You cannot wear most types of armour.
You are amphibious.
You can wear up to eight rings at the same time.
Your skin changes colour to match your surroundings (Stealth+).
Your rubbery body absorbs attacks. (AC +1, EV +1)
((You are camouflaged when in or above water. (Stealth+)))
You have tentacles for arms and can constrict up to eight enemies at once.


Message History

The centaur kicks you but does no damage.
The centaur shoots an arrow.
The arrow hits you! The centaur hits you. The centaur barely misses you.
You are too injured to fight recklessly!
You are too injured to fight recklessly!
You are too injured to fight recklessly!
Unknown command.
You hit the centaur. Your squeeze misses the centaur.
The centaur is lightly wounded.
The centaur shoots an arrow.
The arrow hits you!
* * * LOW HITPOINT WARNING * * *
The centaur hits you.
* * * LOW HITPOINT WARNING * * *
The centaur kicks you.
* * * LOW HITPOINT WARNING * * *
An orc wizard comes into view. It is wielding a +0 dagger.
You block the centaur's attack. The centaur kicks you.
* * * LOW HITPOINT WARNING * * *
It was a potion of attraction.
You feel attractive to monsters.
The centaur closely misses you. x2; The centaur shoots an arrow.
The arrow completely misses you. The centaur misses you.
The centaur closely misses you. The centaur is attracted toward you.
The orc wizard is attracted toward you.
Unknown command.
You sock the centaur! Your squeeze misses the centaur.
The centaur is severely wounded.
The centaur barely misses you. The centaur closely misses you.
The centaur unwields a +0 shortbow.
The centaur closely misses you. x2
You block the centaur's attack. The centaur completely misses you.
Unknown command.
You sock the centaur!
You kill the centaur!
The centaur barely misses you. You block the centaur's attack.
An orc comes into view. It is wielding a +0 short sword.
The centaur hits you.
* * * LOW HITPOINT WARNING * * *
The centaur barely misses you. The orc wizard barely misses you.
The centaur hits you.
You die...

. ...... .. ....... ...
#...... .... ...... ..
.....# ..#..###.# ......
#....##.# ..##
...#..#)...#
....##ch##.#
..>...o.##.#
#.ยง..#.....# ##### #
.#....#....# ...######
#.#..#....## ##.#.....
#...##......# ##....###.
............###...#####.
.[o########.....#.# #.))
.. ####..#.# #...


You could see a centaur, an orc wizard and an orc (wandering).

Vanquished Creatures
  Jeremiah (D:6)
  Sigmund (D:2)
  A black bear (D:5)
  An ogre (D:4)
  A centaur (D:6)
  2 phantoms
  2 scorpions (D:4)
  3 wights (D:6)
  3 hounds
  A jelly (D:6)
  Terence (D:2)
  Natasha (thrice) (D:2)
  An orc wizard (D:3)
  4 adders
  A white imp (D:5)
  2 ufetubi (D:6)
  3 worms
  5 dart slugs
  18 orcs
  7 bats
  12 endoplasms
  5 giant cockroaches
  5 goblins
  11 hobgoblins
  8 jackals
  A quokka (D:3)
  7 ball pythons
  3 frilled lizards
  3 kobolds
  6 rats
122 creatures vanquished.

Vanquished Creatures (collateral kills)
  An endoplasm (D:3)
  A goblin (D:3)
2 creatures vanquished.

Vanquished Creatures (others)
  A bat zombie (D:3)
1 creature vanquished.

Grand Total: 125 creatures vanquished

Notes
Turn   | Place    | Note
-------+----------+-------------------------------------------
     0 | D:1      | LeprechaunX the Octopode Shapeshifter began the quest for
                  | the Orb.
     0 | D:1      | Reached XP level 1. HP: 13/13 MP: 1/1
    58 | D:1      | Reached XP level 2. HP: 10/18 MP: 2/2
   248 | D:1      | Reached XP level 3. HP: 21/23 MP: 3/3
   516 | D:2      | Noticed Natasha
   520 | D:2      | Killed Natasha
   521 | D:2      | Reached XP level 4. HP: 29/29 MP: 4/4
   531 | D:2      | Noticed Sigmund
   542 | D:2      | Killed Sigmund
   543 | D:2      | Reached skill level 1 in Throwing
   543 | D:2      | Reached skill level 4 in Shapeshifting
   543 | D:2      | Reached XP level 5. HP: 25/35 MP: 5/5
   630 | D:2      | Found the +7 mace of Variability {chaos, chaos arc}
   657 | D:2      | Noticed Natasha
   674 | D:2      | Killed Natasha
   675 | D:2      | Reached XP level 6. HP: 26/41 MP: 6/6
   732 | D:2      | Noticed Natasha
   736 | D:2      | Killed Natasha
   803 | D:2      | Noticed Terence
   810 | D:2      | Killed Terence
  1200 | D:3      | Found a faded altar of an unknown god.
  1241 | D:3      | Identified the ring of the Open Hand {rC+ Str+6}
  1299 | D:3      | Reached skill level 1 in Maces & Flails
  1587 | D:3      | Found an ornate altar of the Wu Jian Council.
  1597 | D:3      | Reached skill level 5 in Shapeshifting
  1846 | D:4      | Reached XP level 7. HP: 45/46 MP: 7/7
  2356 | D:5      | Entered Level 5 of the Dungeon
  2628 | D:5      | Reached skill level 1 in Evocations
  2628 | D:5      | Reached XP level 8. HP: 54/54 MP: 8/8
  3099 | D:6      | Reached skill level 6 in Shapeshifting
  3100 | D:6      | Noticed Jeremiah
  3102 | D:6      | Reached skill level 5 in Unarmed Combat
  3151 | D:6      | Killed Jeremiah
  3391 | D:6      | Found a staircase to the Ecumenical Temple.
  3399 | D:6      | Slain by a centaur

Illustrated notes

Levels and vault maps discovered:
D:1:      co_arrival_random_square_maze, layout_rooms, hangedman_decor_opposing,
          minivault_26
D:2:      layout_rooms, serial_bayou_ford_a, uniq_natasha, uniq_terence,
          uniq_sigmund
D:3:      layout_rooms, lemuel_round_altar, serial_forest,
          infiniplex_forest_zigzag_1, infiniplex_forest_clump_small,
          infiniplex_forest_lined_ring, infiniplex_forest_clump_double,
          infiniplex_forest_straight_1, infiniplex_forest_straight_4,
          dreamdust_ecumenical_altar_angels_and_demons, interstate_on_off,
          minmay_misc_feat_hallway, grunt_decor_cap
D:4:      layout_gridville
D:5:      layout_basic
D:6:      layout_basic, vehumet_altar_wand_db, fedhas_altar_decomposition,
          minmay_temple_entry_mini_moons, uniq_duvessa, uniq_menkaure,
          uniq_jeremiah

Skill      XL: |  1  2  3  4  5  6  7  8 |
---------------+-------------------------+-----
Fighting       | 2 3 4 |  4.4
Throwing       | 1 2 3 |  3.0
Shapeshifting  | 4 5 6 |  6.6
Unarmed Combat | 4 5 |  5.3
Maces & Flails | 1 2 3 |  3.2
Evocations     | 1 2 |  2.5
Dodging        | |  2.0

Action                     |  1- 3 |  4- 6 |  7- 9 || total
---------------------------+-------+-------+-------++-------
  Melee: Unarmed           |    45 |    10 |       ||    55
         Constrict         |    10 |    19 |     9 ||    38
         Tentacles         |     9 |    15 |     4 ||    28
         Punch             |     2 |     2 |     1 ||     5
         Great mace        |       |    68 |    54 ||   122
  Throw: Boomerang         |       |       |     4 ||     4
    Use: Potion            |       |     1 |     1 ||     2
   Stab: Sleeping          |     6 |     4 |     9 ||    19
 Armour: Skin              |    19 |    40 |    31 ||    90
  Dodge: Dodged            |    28 |    63 |    40 ||   131
  Block: Other             |     5 |    18 |    10 ||    33
         Reflection        |     1 |       |       ||     1

Table legend: (Time is in decaauts)
 A = Elapsed time spent in this place.
 B = Non-inter-level travel time spent in this place.
 C = Inter-level travel time spent in this place.
 D = Time resting spent in this place.
 E = Time spent auto-exploring this place.
 F = Levels seen in this place.
 G = Mean time per level.
                   A        B        C        D        E       F      G
               +--------+--------+--------+--------+--------+-----+--------+
         Total |   3481 |   3302 |    179 |    299 |   2350 |   6 |  580.2 |
       Dungeon |   3481 |   3302 |    179 |    299 |   2350 |   6 |  580.2 |
               +--------+--------+--------+--------+--------+-----+--------+

Top non-repeatable levels by time:
     D:3: 700 daAuts
     D:5: 682 daAuts
     D:2: 607 daAuts
     D:4: 598 daAuts
     D:1: 513 daAuts
     D:6: 379 daAuts
